 Seeded DCSS version 0.27.1-2-g3b301248ec (webtiles) character file.

Game seed: 4656006118143559874 (custom seed)

9 babuloseo the Shooter (level 2, 19/22 HPs)
             Began as a Human Hunter on Sept 25, 2021.
             Was a Follower of Makhleb.
             Quit the game on level 1 of the Dungeon.
             The game lasted 00:00:32 (116 turns).

babuloseo the Shooter (Human Hunter)                 Turns: 116, Time: 00:00:33

Health: 19/22      AC:  3    Str: 12    XL:     2   Next: 20%
Magic:  2/2        EV: 11    Int: 11    God:    Makhleb [*.....]
Gold:   0          SH:  0    Dex: 13    Spells: 1/1 levels left

rFire    . . .     SeeInvis .   a - +1 shortbow
rCold    . . .     Faith    .   (shield currently unavailable)
rNeg     . . .     Spirit   .   c - +0 leather armour
rPois    .         Reflect  .   (no helmet)
rElec    .         Harm     .   (no cloak)
rCorr    .         Rampage  .   (no gloves)
Will     .....                  (no boots)
Stlth    +.........             (no amulet)
HPRegen  0.07/turn              (no ring)
MPRegen  0.08/turn              (no ring)

@: no status effects
A: no striking features
a: Renounce Religion


You were on level 1 of the Dungeon.
You worshipped Makhleb.
Makhleb was aware of your devotion.
You visited 1 branch of the dungeon, and saw 1 of its levels.

Inventory:

Hand Weapons
 a - a +1 shortbow (weapon)
 b - a +0 short sword
Missiles
 d - 18 arrows (quivered ammo)
Armour
 c - a +0 leather armour (worn)
Jewellery
 g - a ring of poison resistance
Potions
 e - a potion of berserk rage {unknown}
 f - a potion of flight {unknown}


   Skills:
 + Level 2.0 Fighting
 + Level 4.4 Bows
 + Level 2.0 Dodging
 + Level 1.0 Stealth


You had one spell level left.
You didn't know any spells.
Your spell library was empty.

Dungeon Overview and Level Annotations

Branches:
Dungeon (1/15)

Altars:
Makhleb


Message History

A kobold comes into view. It is wielding a +0 dagger.
The kobold moves out of view.
You shoot an arrow. The arrow barely misses the kobold.
The kobold closely misses you.
You shoot an arrow. The arrow closely misses the kobold.
The kobold hits you with a +0 dagger.
You shoot an arrow. The arrow hits the kobold.
You kill the kobold!
You have reached level 2!
d - 12 arrows (gained 3)
Things that are here:
a +0 dagger; 4 stones; a giant cockroach corpse You see here an arrow.
You shoot an arrow. The ball python hisses angrily.
The arrow hits the ball python!
You kill the ball python!
You shoot an arrow. The arrow closely misses the kobold.
You shoot an arrow. The arrow hits the kobold.
You kill the kobold!
No target in view!
Found 9 gold pieces.
d - 10 arrows (gained 1)
Found an escape hatch in the floor.
d - 12 arrows (gained 2)
Found a dagger.
Found a faded altar of an unknown god.
d - 13 arrows (gained 1)
d - 17 arrows (gained 4)
d - 18 arrows (gained 1)
A frilled lizard comes into view.
The frilled lizard hisses angrily.
There is a faded altar of an unknown god here.
You see here a +0 dagger.
You cannot tell which god this altar belongs to.
Convert to them anyway?
Makhleb accepts your prayer! Makhleb welcomes you!
You can now gain health from killing.
Things that are here:
an arrow; a +0 dagger; a kobold corpse Are you sure you want to abandon this character and quit the game? (Confirm with "yes".)

.....................
...##............##
....#........_....#
.......>...$....#..#
.###........l...#
..............### #
....#.........# .## #
#..........## ....
###.###..#@#####...
... ##.#.......##.
..### #............
## ###..........
#.)........
#..........
#..........
#.......... ####
#..........


You could see a frilled lizard.

Vanquished Creatures
  A ball python (D:1)
  A giant cockroach (D:1)
  A goblin (D:1)
  A hobgoblin (D:1)
  3 kobolds (D:1)
  A rat (D:1)
8 creatures vanquished.

Notes
Turn   | Place    | Note
-------+----------+-------------------------------------------
     0 | D:1      | babuloseo the Human Hunter began the quest for the Orb.
     0 | D:1      | Reached XP level 1. HP: 16/16 MP: 1/1
    73 | D:1      | Reached XP level 2. HP: 16/22 MP: 2/2
    88 | D:1      | Found a faded altar of an unknown god.
   108 | D:1      | Became a worshipper of Makhleb the Destroyer
   108 | D:1      | Reached * piety under Makhleb
   116 | D:1      | Quit the game

Illustrated notes

Levels and vault maps discovered:
D:1:      kennysheep_arrival_forest, layout_rooms,
          ebering_ecumenical_altar_sacrificial

Action                   || total
-------------------------++-------
 Fire: Shortbow          ||    17
Armor: Leather armour    ||     2
Dodge: Dodged            ||     3
